 Dungeon Crawl Stone Soup version 0.19-a0-1815-g4007336 (webtiles) character file.

29 Amnesiac the Grave Robber (level 3, -7/24 HPs)
             Began as a Mummy Necromancer on Oct 5, 2016.
             Mangled by Grinder (9 damage)
             ... while paralysed by Grinder
             ... on level 3 of the Dungeon.
             The game lasted 00:02:11 (1066 turns).

Amnesiac the Grave Robber (Mummy Necromancer)       Turns: 1066, Time: 00:02:12

Health: -7/24      AC:  3    Str: 11    XL:     3   Next: 1%
Magic:  7/7        EV:  2    Int: 14    God:
Gold:   57         SH:  0    Dex: 13    Spells: 2 memorised, 4 levels left

rFire  x . .     SeeInvis .     g - +0 quarterstaff
rCold  + . .     Gourm    .     a - +0 robe
rNeg   + + +     Faith    .     (shield currently unavailable)
rPois  ∞         Spirit   .     c - +0 helmet
rElec  .         Dismiss  .     (no cloak)
rCorr  .         Reflect  .     (no gloves)
MR     .....     Harm     .     (no boots)
Stlth  ++........               (no amulet)
                                (no ring)
                                (no ring)

@: paralysed
A: no food or potions, fire vulnerability, cold resistance 1, negative energy
resistance 3, torment resistance, unbreathing
a: no special abilities


You were on level 3 of the Dungeon.
You were not hungry.

You visited 1 branch of the dungeon, and saw 4 of its levels.

You collected 57 gold pieces.

Inventory:

Hand Weapons
 g - a +0 quarterstaff (weapon)
Armour
 a - a +0 robe (worn)
 c - a +0 helmet (worn)
Scrolls
 d - a scroll of immolation {unknown}
 e - a scroll of fog {unknown}
 f - 2 scrolls of identify {unknown}
Books
 b - a book of Necromancy

   Spells                             Type                      Level
   a - Pain                           Necromancy                   1
   b - Animate Skeleton               Necromancy                   1
   c - Vampiric Draining              Necromancy                   3
   d - Regeneration                   Charms/Necromancy            3
   e - Animate Dead                   Necromancy                   4
   f - Control Undead                 Necromancy                   4


   Skills:
 - Level 1.5 Dodging
 - Level 1.5 Stealth
 + Level 3.2 Spellcasting
 - Level 4.0 Necromancy


You had 4 spell levels left.
You knew the following spells:

 Your Spells              Type           Power        Failure   Level  Hunger
a - Pain                  Necr           ##..         4%          1    N/A
f - Vampiric Draining     Necr           ##........   14%         3    N/A

Dungeon Overview and Level Annotations

Branches:
Dungeon (4/15)
 Temple: D:4-7

Altars:

Annotations:
D:3 Grinder; p0werm0de's ghost, amateur OpAE


Innate Abilities, Weirdness & Mutations

You do not eat or drink.
Your flesh is vulnerable to fire.
You are immune to poison.
Your flesh is cold resistant. (rC+)
You are immune to negative energy. (rN+++)
You are immune to unholy pain and torment.
You can survive without breathing.


Message History

Press: ? - help, Shift-Dir - straight line, f - Grinder
Aim: Grinder You can't drain life from that!
Unknown command.
You barely miss Grinder. Grinder hits you! Grinder gestures at you.
You resist with significant effort.
You closely miss Grinder. Grinder gestures at you.
You resist with significant effort.
You sock Grinder!
Grinder is lightly wounded.
Grinder gestures at you.
You suddenly lose the ability to move!
Grinder barely misses you. Grinder hits you! Grinder hits you.
* * * LOW HITPOINT WARNING * * *
Grinder hits you!
You die...

# ##.###..#
####...##..#
...........############
###...%.##.............
..#.###..........##
....# #.....####.#
#.#<###..##.#
##†#####..
#.#......##.#
#........#
#.####.#.##.#
#.@####### ..#
#.#!##.....5......# ###
#.#.######.(##.##%#
#.#.# #..# # #.#.# #..#
#.... ..## ###.# .# ##


You could see Grinder.

Vanquished Creatures
  2 adders (D:3)
  A leopard gecko (D:3)
  2 goblins
  2 hobgoblins (D:1)
  A frilled lizard (D:1)
  4 rats
12 creatures vanquished.

Notes
Turn   | Place    | Note
-------+----------+-------------------------------------------
     0 | D:1      | Amnesiac the Mummy Necromancer began the quest for the Orb.
     0 | D:1      | Reached XP level 1. HP: 13/13 MP: 3/3
   423 | D:3      | Reached XP level 2. HP: 19/19 MP: 1/5
   519 | D:3      | Noticed p0werm0de's ghost (amateur OpAE)
   828 | D:3      | Noticed a sky beast
  1005 | D:3      | Reached XP level 3. HP: 24/24 MP: 2/7
  1010 | D:3      | Learned a level 3 spell: Vampiric Draining
  1053 | D:4      | Noticed Grinder
  1062 | D:3      | Paralysed by Grinder for 5 turns
  1066 | D:3      | Mangled by Grinder

Vault maps used:
D:1:      dpeg_arrival_concentric_ovals, minmay_tall_x
D:2:      uniq_crazy_yiuf_cottage, uniq_terence
D:3:      grunt_ministairs_7
D:4:      first_bread, grunt_qazlal_clouds, uniq_grinder, uniq_sigmund,
          uniq_eustachio

Skill      XL: |  1  2 |
---------------+-------+-----
Spellcasting   | 3 |  3.2
Dodging        | |  1.5
Stealth        | |  1.5
Necromancy     | |  4.0

Action                   || total
-------------------------++-------
Melee: Mace              ||     1
       Quarterstaff      ||     4
 Cast: Pain              ||    24
Armor: Robe              ||     2
Dodge: Dodged            ||     6
